 Dungeon Crawl Stone Soup version 0.30-a0-393-g54b8e3be05 (webtiles) character file.

Game seed: 7666942370404441754

158 LnG the Sneak (level 5, -5/28 HPs)
             Began as a Kobold Summoner on Dec 5, 2022.
             Slain by a wyvern (7 damage)
             ... on level 4 of the Dungeon.
             The game lasted 00:06:43 (3238 turns).

LnG the Sneak (Kobold Summoner)                     Turns: 3238, Time: 00:06:44

Health: -5/28      AC:  3    Str:  5    XL:     5   Next: 66%
Magic:  3/9        EV: 15    Int: 18    God:
Gold:   200        SH:  0    Dex: 16    Spells: 3/9 levels left

rFire   . . .      SeeInvis .    g - +1 dagger
rCold   . . .      Faith    .    (no shield)
rNeg    . . .      Spirit   .    a - +0 robe
rPois   .          Reflect  .    e - +0 helmet
rElec   .          Harm     .    (no cloak)
rCorr   .          Rampage  .    (no gloves)
Will    .....                    (no boots)
Stlth   ++++......               (no amulet)
HPRegen 0.24/turn                (no ring)
MPRegen 0.11/turn                (no ring)

@: no status effects
A: small, no large weapons, nightstalker 3
a: no special abilities


You were on level 4 of the Dungeon.
You visited 1 branch of the dungeon, and saw 5 of its levels.

You collected 200 gold pieces.

Inventory:

Hand Weapons
 g - a +1 dagger (weapon)
Armour
 a - a +0 robe (worn)
 e - a +0 helmet (worn)
Jewellery
 h - a ring of resist corrosion
Potions
 b - a potion of magic
 c - 2 potions of curing
 f - a potion of brilliance
 i - a potion of heal wounds
 j - a potion of degeneration
 k - 2 potions of haste {unknown}
 l - a potion of lignification {unknown}


   Skills:
 + Level 0.5 Fighting
 + Level 1.6 Short Blades
 * Level 3.3 Dodging
 * Level 5.6 Stealth
 + Level 2.7 Spellcasting
 + Level 4.4 Summonings


You had 3 spell levels left.
You knew the following spells:

 Your Spells              Type           Power      Damage    Failure   Level
a - Summon Small Mammal   Summ           72%        N/A       2%          1
b - Call Imp              Summ           18%        N/A       4%          2
c - Call Canine Familiar  Summ           18%        N/A       9%          3

Your spell library contained the following spells:

 Spells                   Type           Power      Damage    Failure   Level
 Shock                    Conj/Air       8%         1d3       17%         1
 Summon Guardian Golem    Hex/Summ       10%        N/A       21%         3
 Ensorcelled Hibernation  Hex/Ice        4%         N/A       26%         2
 Passwall                 Tmut/Erth      1%         N/A       26%         2
 Swiftness                Air            2%         N/A       45%         3
 Summon Lightning Spire   Summ/Air       10%        N/A       54%         4
 Airstrike                Air            1%         2d(1-17)  86%         4


Dungeon Overview and Level Annotations

Branches:
Dungeon (5/15)
 Temple: D:4-7

Altars:

Shops:
D:5 :


Innate Abilities, Weirdness & Mutations

You are small and have problems with some larger weapons.
You are completely attuned to the shadows.


Message History

Magic restored.
d - a scroll labelled YKHLUR JIYHOSI
Things that are here:
a +0 club; a kobold corpse You swap places.
Your quokka disappears in a puff of smoke!
You now have 200 gold pieces (gained 12).
Found a scroll labelled HOESONIOSE.
There is an escape hatch in the floor here.
Things that are here:
a +0 club; 5 poisoned darts You enter the shallow water.
Moving in this stuff is going to be slow.
The wyvern hisses angrily.
As you read the scroll labelled YKHLUR JIYHOSI, it crumbles to dust.
It is a scroll of enchant weapon.
Your +0 dagger glows red for a moment.
Casting: Summon Small Mammal (safe; 2% risk of failure)
Confirm with . or Enter, or press ? or * to list all spells.
The spell is quite dangerous to miscast (9% risk of failure)!
Continue anyway?
The wyvern bites you!
Ouch! That really hurt!
The wyvern bites you!
* * * LOW HITPOINT WARNING * * *
You swap places.
The wyvern bites your hound.
Your hound barely misses the wyvern.
The wyvern bites your hound!
Your hound dies!
Your hound's corpse disappears in a puff of smoke!
The wyvern barely misses you.
Casting: Call Canine Familiar (quite dangerous; 9% risk of failure)
Confirm with . or Enter, or press ? or * to list all spells.
The spell is quite dangerous to miscast (9% risk of failure)!
Continue anyway?
The wyvern bites you.
* * * LOW HITPOINT WARNING * * *
The wyvern barely misses you.
You swap places.
Your hound bites the wyvern but does no damage.
The wyvern attacks as you move away! The wyvern bites you!
You die...

######### ##############
#.......# ##.....##.....##
#.......# ##..............#
#.......# #................
#.......# #>...............
#.......####h...............
#..รท.......@l...........!...
#.......###............?....
####.#### ##.......... .....
#.#### ##......... ....#
#....## ##.....##. ...#
####..# ####### ###
###.########## ####
#.........)..### #...
###....)....~~~#####...


You could see a wyvern (ally target) and a friendly hound (summoned).

Vanquished Creatures
  2 adders (D:2)
  2 bats (D:1)
  5 endoplasms
  3 goblins
  5 hobgoblins
  6 jackals (D:1)
  3 quokkas
  3 ball pythons
  4 frilled lizards
  6 kobolds
  2 rats (D:1)
41 creatures vanquished.

Vanquished Creatures (collateral kills)
  A kobold brigand (D:4)
  An adder (D:2)
  A worm (D:2)
  A dart slug (D:1)
  A bat (D:1)
  An endoplasm (D:1)
  A giant cockroach (D:1)
  A goblin (D:1)
  2 hobgoblins
  A quokka (D:1)
  A ball python (D:1)
  A kobold (D:4)
  A rat (D:2)
14 creatures vanquished.

Grand Total: 55 creatures vanquished

Notes
Turn   | Place    | Note
-------+----------+-------------------------------------------
     0 | D:1      | LnG the Kobold Summoner began the quest for the Orb.
     0 | D:1      | Reached XP level 1. HP: 10/10 MP: 3/3
   332 | D:1      | Reached skill level 3 in Stealth
   332 | D:1      | Reached XP level 2. HP: 15/15 MP: 1/5
   335 | D:1      | Learned a level 2 spell: Call Imp
   693 | D:1      | Found a faded altar of an unknown god.
   924 | D:1      | Reached XP level 3. HP: 19/19 MP: 6/6
  1059 | D:1      | Reached skill level 4 in Stealth
  1505 | D:2      | Reached XP level 4. HP: 24/24 MP: 7/7
  1509 | D:2      | Learned a level 3 spell: Call Canine Familiar
  2699 | D:3      | You fall into a shaft and drop 2 floors!
  2699 | D:5      | Entered Level 5 of the Dungeon
  2723 | D:5      | Noticed a centaur
  2737 | D:5      | Found Ehiprutu's Book Emporium.
  2824 | D:4      | Reached skill level 1 in Short Blades
  2835 | D:4      | Noticed a kobold brigand
  2936 | D:4      | Noticed a wyvern
  2954 | D:4      | Reached skill level 5 in Stealth
  2982 | D:4      | Noticed a kobold brigand
  3007 | D:4      | Killed a kobold brigand
  3008 | D:4      | Reached XP level 5. HP: 4/28 MP: 5/9
  3238 | D:4      | Slain by a wyvern

Illustrated notes

Levels and vault maps discovered:
D:1:      beargit_arrival_diablo_church, layout_basic,
          hellmonk_ecumenical_altar_arch_garden, serial_forest,
          infiniplex_forest_straight_3, infiniplex_forest_3_way,
          infiniplex_forest_lined_room_, infiniplex_forest_clump_double,
          infiniplex_forest_end_1, infiniplex_forest_clump_large,
          infiniplex_forest_straight_2, infiniplex_forest_clump_tiny,
          infiniplex_forest_lined_3, chequers_serial_rivers_large_a
D:2:      layout_basic
D:3:      layout_rooms, zin_academy, serial_curves, eino_curves_03,
          eino_curves_03
D:4:      cheibrodos_thug_alley, layout_rooms, serial_glass, glass_columns_b,
          glass_columns_b
D:5:      layout_basic, serial_shops, nicolae_shop_behind_doors,
          minmay_misc_feat_five, nicolae_stop_n_shop_2, due_unseen_surprise

Skill      XL: |  1  2  3  4 |
---------------+-------------+-----
Stealth        | 3 4 5 |  5.6
Dodging        | 3 |  3.3
Short Blades   | 1 |  1.6
Fighting       | |  0.5
Spellcasting   | |  2.7
Summonings     | |  4.4

Action                   |  1- 3 |  4- 6 || total
-------------------------+-------+-------++-------
Melee: Unarmed           |     8 |       ||     8
       Dagger            |    92 |    78 ||   170
       Punch             |     2 |       ||     2
 Cast: Summon Small Mamm |     7 |     1 ||     8
       Call Imp          |     5 |     1 ||     6
       Call Canine Famil |       |     7 ||     7
  Use: Scroll            |       |     6 ||     6
       Potion            |       |     1 ||     1
 Stab: Sleeping          |    13 |     6 ||    19
Armor: Robe              |    24 |    12 ||    36
Dodge: Dodged            |    89 |    56 ||   145

Table legend: (Time is in decaauts)
 A = Elapsed time spent in this place.
 B = Non-inter-level travel time spent in this place.
 C = Inter-level travel time spent in this place.
 D = Time resting spent in this place.
 E = Time spent auto-exploring this place.
 F = Levels seen in this place.
 G = Mean time per level.
                   A        B        C        D        E       F      G
               +--------+--------+--------+--------+--------+-----+--------+
         Total |   3254 |   3181 |     73 |    181 |   2344 |   5 |  650.8 |
       Dungeon |   3254 |   3181 |     73 |    181 |   2344 |   5 |  650.8 |
               +--------+--------+--------+--------+--------+-----+--------+

Top non-repeatable levels by time:
     D:1: 1435 daAuts
     D:2: 1271 daAuts
     D:4: 499 daAuts
     D:5: 46 daAuts
     D:3: 1 daAuts
